 Seeded DCSS version 0.28-a0-683-ga8797d1ae1 (webtiles) character file.

Game seed: 20211019 (custom seed)

51 a11behringer the Chopper (level 3, -1/34 HPs)
             Began as a Hill Orc Cinder Acolyte on Oct 19, 2021.
             Was a High Priest of Ignis.
             Slain by an adder (3 damage)
             ... on level 2 of the Dungeon.
             The game lasted 00:04:15 (1302 turns).

a11behringer the Chopper (Hill Orc Cinder Acolyte)  Turns: 1302, Time: 00:04:15

Health: -1/34      AC:  2    Str: 16    XL:     3   Next: 81%
Magic:  4/4        EV: 15    Int: 15    God:    Ignis [*****.]
Gold:   31         SH:  0    Dex:  6    Spells: 2/4 levels left

rFire   + . .      SeeInvis .   a - -1 hand axe (flame)
rCold   . . .      Faith    .   (no shield)
rNeg    . . .      Spirit   .   b - +0 robe
rPois   .          Reflect  .   (no helmet)
rElec   .          Harm     .   (no cloak)
rCorr   .          Rampage  .   (no gloves)
Will    .....                   (no boots)
Stlth   +.........              (no amulet)
HPRegen 0.11/turn               g - +4 ring of evasion
MPRegen 0.09/turn               (no ring)

@: lethally poisoned (-1 -> -2)
A: no striking features
a: Renounce Religion, Sea of Fire, Foxfire Swarm, Rising Flame


You were on level 2 of the Dungeon.
You worshipped Ignis.
Ignis was extremely pleased with you.
You visited 1 branch of the dungeon, and saw 2 of its levels.

You collected 31 gold pieces.

Inventory:

Hand Weapons
 a - a -1 hand axe of flaming (weapon)
Armour
 b - a +0 robe (worn)
 i - a +0 chain mail
Jewellery
 g - a +4 ring of evasion (left hand)
Scrolls
 c - 2 scrolls of magic mapping {unknown}
 e - a scroll of identify {unknown}
 j - a scroll of vulnerability {unknown}
Potions
 d - a potion of attraction {unknown}
 f - a potion of curing {unknown}
 h - a potion of degeneration {unknown}


   Skills:
 + Level 4.4 Fighting
 * Level 4.8 Axes
 * Level 0.6 Armour
 + Level 0.7 Dodging
 + Level 1.0 Spellcasting
 + Level 3.4 Fire Magic


You had 2 spell levels left.
You knew the following spells:

 Your Spells              Type           Power      Damage    Failure   Level
a - Scorch                Fire           22%        2d6       9%          2

Your spell library contained the following spells:

 Spells                   Type           Power      Damage    Failure   Level
 Conjure Flame            Conj/Fire      5%         6-21      36%         3
 Ignite Poison            Fire/Tmut/Pois 4%         N/A       43%         3
 Sticky Flame             Conj/Fire      5%         2d3       77%         4


Dungeon Overview and Level Annotations

Branches:
Dungeon (2/15)

Altars:


Message History

The adder completely misses you.
You miss the adder. The adder closely misses you.
You barely miss the adder. The adder misses you. The adder bites you.
You are poisoned.
The adder poisons you!
You miss the adder.
You feel sick. The adder bites you.
You closely miss the adder.
You feel sick. The adder bites you.
You are more poisoned.
The adder poisons you! The adder bites you.
You miss the adder.
You feel sick. The adder barely misses you.
You barely miss the adder.
You feel sick. The adder misses you.
You miss the adder.
You feel sick. The adder closely misses you. x2
You miss the adder.
You feel sick. The adder bites you.
You are more poisoned.
The adder poisons you!
You closely miss the adder.
You feel very sick. The adder barely misses you.
You miss the adder.
You feel sick. The adder closely misses you. The adder barely misses you.
You hit the adder. You burn the adder.
The adder is heavily wounded.
You feel sick. The adder closely misses you.
You miss the adder.
The adder is heavily wounded.
You feel sick. The adder bites you.
* * * LOW HITPOINT WARNING * * *
You closely miss the adder.
The adder is heavily wounded.
* * * LOW HITPOINT WARNING * * *
You feel sick. The adder closely misses you. x2
You barely miss the adder.
The adder is heavily wounded.
* * * LOW HITPOINT WARNING * * *
You feel sick. The adder barely misses you.
You hit the adder. You burn the adder.
The adder is severely wounded.
* * * LOW HITPOINT WARNING * * *
You feel sick. The adder misses you. The adder bites you.
You die...

.....................#
_............<....)..
..........†...##..#
............#.....#
............####..#
..[.#.).....####..#####
.........####.........#
.######..# #.........#
... #.....#...@.....#
##.# #.###......S....#
.# #.# ###.........#
#.# #.........# #.#
...........# #.#
.#..........# #...
#..........#
#..........#


You could see an adder.

Vanquished Creatures
  Jessica (D:2)
  2 ball pythons
  4 endoplasms
  A giant cockroach (D:2)
  2 hobgoblins (D:1)
  3 quokkas (D:1)
  4 bats
  3 kobolds
  2 rats (D:1)
22 creatures vanquished.

Notes
Turn   | Place    | Note
-------+----------+-------------------------------------------
     0 | D:1      | a11behringer the Hill Orc Cinder Acolyte began the quest
                  | for the Orb.
     0 | D:1      | Reached XP level 1. HP: 19/19 MP: 2/2
   217 | D:1      | Reached XP level 2. HP: 19/27 MP: 3/3
   224 | D:1      | Learned a level 2 spell: Scorch
   981 | D:2      | Found a faded altar of an unknown god.
  1150 | D:2      | Noticed Jessica
  1158 | D:2      | Killed Jessica
  1159 | D:2      | Reached XP level 3. HP: 21/34 MP: 1/4
  1302 | D:2      | Slain by an adder

Illustrated notes

Levels and vault maps discovered:
D:1:      heliophobic_arrival_battle_scene, layout_basic
D:2:      layout_rooms, basic_ecumenical_altar, uniq_jessica

Skill      XL: |  1 |
---------------+----+-----
Fighting       | 4 |  4.4
Axes           | |  4.8
Armour         | |  0.6
Dodging        | |  0.7
Spellcasting   | |  1.0
Fire Magic     | |  3.4

Action                   || total
-------------------------++-------
Melee: Hand axe          ||    85
 Cast: Scorch            ||     2
Armor: Robe              ||    17
Dodge: Dodged            ||    88

Table legend: (Time is in decaauts)
 A = Elapsed time spent in this place.
 B = Non-inter-level travel time spent in this place.
 C = Inter-level travel time spent in this place.
 D = Time resting spent in this place.
 E = Time spent auto-exploring this place.
 F = Levels seen in this place.
 G = Mean time per level.
                   A        B        C        D        E       F      G
               +--------+--------+--------+--------+--------+-----+--------+
         Total |   1307 |   1152 |    155 |      0 |    971 |   2 |  653.5 |
       Dungeon |   1307 |   1152 |    155 |      0 |    971 |   2 |  653.5 |
               +--------+--------+--------+--------+--------+-----+--------+

Top non-repeatable levels by time:
     D:1: 958 daAuts
     D:2: 349 daAuts
